 Dungeon Crawl Stone Soup version 0.28-a0-268-g3f656e82c2 (webtiles) character file.

Game seed: 9203110974326925233

3271 avis the Changer (level 10, -2/68 HPs)
             Began as an Octopode Transmuter on Aug 29, 2021.
             Was an Initiate of Gozag.
             Killed from afar by an acid dragon (21 damage)
             ... with a splash of acid
             ... on level 7 of the Dungeon.
             The game lasted 00:59:11 (9545 turns).

avis the Changer (Octopode Transmuter)              Turns: 9545, Time: 00:59:11

Health: -2/68      AC: -3    Str: 13    XL:     10   Next: 0%
Magic:  12/14      EV: 14    Int: 16    God:    Gozag
Gold:   331        SH:  5    Dex: 12    Spells: 5/15 levels left

rFire   + . .      SeeInvis .   a - +4 long sword (protect)
rCold   . . .      Faith    .   d - +0 buckler
rNeg    . . .      Spirit   .   (helmet currently unavailable)
rPois   .          Reflect  .   (no amulet)
rElec   .          Harm     .   m - ring of protection from fire
rCorr   .          Rampage  .   x - +4 ring of slaying
Will    .....                   (no ring)
Stlth   +++.......              (no ring)
HPRegen 0.21/turn               (no ring)
MPRegen 0.14/turn               (no ring)
                                (no ring)
                                (no ring)

@: appendages, corroded
A: tentacle spike 3, almost no armour, amphibious, 8 rings, camouflage 1,
gelatinous body 1, (nimble swimmer 1), tentacles
a: End Transformation, Renounce Religion, Potion Petition, Call Merchant, Bribe
Branch


You were on level 7 of the Dungeon.
You worshipped Gozag.
Gozag was aware of your devotion.
One of your tentacles had grown a beastly spike.
You visited 2 branches of the dungeon, and saw 8 of its levels.
You also visited: Sewer.

You collected 778 gold pieces.
You paid 447 gold pieces to Gozag.

Inventory:

Hand Weapons
 a - a +4 long sword of protection (weapon)
 b - a +0 flail of holy wrath
 e - a +1 great sword
 w - a +0 vampiric hand axe
 E - a +1 short sword of electrocution
Missiles
 k - 4 boomerangs of dispersal
 q - 19 arrows
 r - 4 curare-tipped darts
 s - 8 datura-tipped darts
 t - 2 poisoned darts
 A - 4 boomerangs
 B - 25 stones
Armour
 d - a +0 buckler (worn)
Jewellery
 m - a ring of protection from fire (left tentacle)
 v - an amulet of faith
 x - a +4 ring of slaying (right tentacle)
 C - a ring of flight
Scrolls
 g - a scroll of summoning {unknown}
 h - a scroll of blinking {unknown}
 l - a scroll of teleportation
 n - 4 scrolls of fear {unknown}
 y - a scroll of fog {unknown}
 z - a scroll of identify
 D - a scroll of magic mapping {unknown}
Potions
 c - a potion of ambrosia
 f - 2 potions of magic
 i - a potion of resistance
 j - a potion of flight
 o - 2 potions of cancellation
 p - a potion of might
 u - a potion of mutation {unknown}
 F - a potion of brilliance {unknown}


   Skills:
 - Level 6.0 Fighting
 - Level 5.0 Dodging
 - Level 3.0 Stealth
 - Level 4.0 Shields
 * Level 6.6 Unarmed Combat
 - Level 3.0 Spellcasting
 - Level 7.0 Transmutations
 - Level 4.0 Ice Magic
 - Level 2.0 Poison Magic


You had 5 spell levels left.
You knew the following spells:

 Your Spells              Type           Power      Damage    Failure   Level
a - Beastly Appendage     Tmut           48%        N/A       1%          1
c - Passwall              Tmut/Erth      10%        N/A       7%          2
p - Spider Form           Tmut/Pois      8%         N/A       9%          3
q - Ice Form              Ice/Tmut       20%        N/A       19%         4

Your spell library contained the following spells:

 Spells                   Type           Power      Damage    Failure   Level
 Wereblood                Tmut           24%        N/A       1%          2
 Magic Dart               Conj           8%         1d3       19%         1
 Sandblast                Erth           4%         2d4       19%         1
 Searing Ray              Conj           4%         3d3       28%         2
 Fulminant Prism          Conj/Hex       1%         3d6       88%         4
 Lee's Rapid Deconstruct  Erth           1%         3d5*      99%         5


Dungeon Overview and Level Annotations

Branches:
Dungeon (7/15)             Temple (1/1) D:5           Sewer (visited)

Altars:
Ashenzari
Cheibriados
Dithmenos
Elyvilon
Fedhas
Gozag
Hepliaklqana
Kikubaaqudgha
Makhleb
Nemelex Xobeh
Okawaru
Qazlal
Ru
Sif Muna
Trog
Uskayaw
Vehumet
Wu Jian
Xom
Yredelemnul
The Shining One

Annotations:
D:2 1 runed translucent door, exclusion: door, Crazy Yiuf
D:7 Harold


Innate Abilities, Weirdness & Mutations

One of your tentacles has grown a beastly spike.
You cannot wear most types of armour.
You are amphibious.
You can wear up to eight rings at the same time.
Your skin changes colour to match your surroundings (Stealth+).
Your rubbery body absorbs attacks. (AC +1, EV +1)
((You are camouflaged near water. (Stealth+)))
You have tentacles for arms and can constrict up to eight enemies at once.


Message History

Your squeeze misses the acid dragon.
The acid dragon is heavily wounded.
The acid dragon spits acid at you. The splash of acid misses you.
The acid dragon bites you! The acid dragon misses you.
The bullfrog gives a loud, deep croak!
You hear a shout!
You hear a loud, deep croak!
You hit the acid dragon.
The acid dragon is heavily wounded.
You hear a shout!
You hear an angry growl.
A bullfrog comes into view.
The acid dragon barely misses you.
The acid dragon claws you but does no damage.
A howler monkey skeleton comes into view.
Casting: Passwall (safe; 7% risk of failure)
Confirm with . or Enter, or press ? or * to list all spells.
One of your tentacles grows a vicious spike.
You block the acid dragon's attack. The acid dragon claws you.
A necrophage comes into view.
An orc comes into view. It is wielding a +0 hand axe.
The howler monkey zombie hits you.
A bullfrog comes into view.
You barely miss the acid dragon.
The acid dragon is heavily wounded.
The acid dragon closely misses you.
The acid dragon claws you but does no damage.
The howler monkey zombie barely misses you.
An orc comes into view. It is wielding a +0 club.
You closely miss the acid dragon.
The acid dragon is heavily wounded.
The bullfrog barely misses you. The acid dragon spits acid at you.
The splash of acid hits you!! The acid corrodes you!
The howler monkey zombie hits you.
* * * LOW HITPOINT WARNING * * *
The bullfrog misses you. The acid dragon spits acid at you.
The splash of acid hits you!!
You die...
Your body crumbles into a pile of gold.

##.. $ .# #
... $.. ... '#
# #.. $ ..#
... #.. # #..
## #'# .n##. #
##..##.####$.#
#Z#' #####
..z...@..#
.F.##.o##
#....
.z.z<....#
.o.Z..# #.###
######.###
#FF..# #.# #
#@D#
########.#
####
#........# #.#
#.######## $
#.# #.# #.#
#.# #.# #.#
#.# #.# #.#
#.# #.#####.#


You could see an acid dragon (catching breath), a necrophage, 3 bullfrogs, 2
orcs, a howler monkey zombie and a howler monkey skeleton.

Vanquished Creatures
  Maggie (D:7)
  A shadow (D:6)
  Edmund (D:6)
  A water moccasin (D:7)
  A sky beast (D:6)
  An ice beast (D:4)
  A black bear (D:7)
  3 ogres
  2 necrophages
  2 centaurs
  2 phantoms
  A bullfrog (D:6)
  A wyvern zombie (D:6)
  A scorpion (D:6)
  A water moccasin skeleton (D:5)
  9 killer bees (D:6)
  7 wights
  3 hounds
  A jelly (D:6)
  2 bullfrog skeletons
  An orc priest (D:6)
  2 centaur skeletons
  A scorpion zombie (D:5)
  3 iguanas
  2 orc wizards
  A hound skeleton (D:5)
  A howler monkey skeleton (D:6)
  11 adders
  4 river rats (Sewer)
  An ufetubus (D:5)
  An adder zombie (D:5)
  3 worms
  5 dart slugs
  15 orcs
  12 ball pythons
  7 endoplasms
  7 giant cockroaches
  7 goblins
  5 hobgoblins
  A jackal (D:2)
  7 kobolds
  6 quokkas
  5 bats
  11 frilled lizards
  14 rats
175 creatures vanquished.

Vanquished Creatures (others)
  An ogre (D:5)
  A hound (D:5)
  An orc (D:5)
3 creatures vanquished.

Grand Total: 178 creatures vanquished

Notes
Turn   | Place    | Note
-------+----------+-------------------------------------------
     0 | D:1      | avis the Octopode Transmuter began the quest for the Orb.
     0 | D:1      | Reached XP level 1. HP: 13/13 MP: 3/3
   197 | D:1      | Reached XP level 2. HP: 19/19 MP: 3/5
   935 | D:1      | Reached XP level 3. HP: 25/25 MP: 6/6
  1117 | D:1      | Learned a level 3 spell: Spider Form
  1355 | D:2      | Reached skill level 1 in Poison Magic
  1458 | D:2      | Found a faded altar of an unknown god.
  1700 | D:2      | Reached skill level 1 in Shields
  1700 | D:2      | Reached XP level 4. HP: 30/31 MP: 5/7
  2027 | D:2      | Found a runed translucent door.
  2028 | D:2      | Noticed Crazy Yiuf
  2659 | D:3      | Noticed a necrophage
  2675 | D:2      | Killed a necrophage
  2676 | D:2      | Reached XP level 5. HP: 18/36 MP: 6/8
  2915 | D:3      | Found a basalt altar of Yredelemnul.
  3090 | D:3      | Found a glowing drain.
  3095 | Sewer    | Entered a sewer
  3476 | Sewer    | Reached XP level 6. HP: 40/42 MP: 7/9
  3716 | D:3      | Found a hazy altar of Hepliaklqana.
  3868 | D:3      | Found a white marble altar of Elyvilon.
  3992 | D:3      | Found an ancient bone altar of Kikubaaqudgha.
  4394 | D:3      | Learned a level 4 spell: Ice Form
  4667 | D:4      | Reached XP level 7. HP: 48/48 MP: 7/10
  4820 | D:4      | Reached skill level 3 in Transmutations
  5177 | D:4      | Learned a level 2 spell: Passwall
  5354 | D:4      | Found a broken altar of Ashenzari.
  5416 | D:5      | Entered Level 5 of the Dungeon
  5437 | D:4      | Reached skill level 4 in Transmutations
  5606 | D:5      | Found a burning altar of Makhleb.
  5704 | D:5      | Found a staircase to the Ecumenical Temple.
  5713 | Temple   | Entered the Ecumenical Temple
  5787 | Temple   | Became a worshipper of Gozag Ym Sagoz the Greedy
  5821 | D:5      | Found a sparkling altar of Nemelex Xobeh.
  5828 | D:5      | Found a shimmering altar of Xom.
  5839 | D:5      | Reached XP level 8. HP: 41/54 MP: 8/11
  5987 | D:5      | Reached skill level 5 in Transmutations
  5987 | D:5      | Reached skill level 1 in Stealth
  6392 | D:5      | Found an ornate altar of the Wu Jian Council.
  6399 | D:5      | Noticed a spectral centipede
  6399 | D:5      | Noticed a spectral black mamba
  6643 | D:5      | Found a stormy altar of Qazlal.
  6783 | D:6      | Reached skill level 5 in Unarmed Combat
  6901 | D:6      | Found a hide-covered altar of Uskayaw.
  6909 | D:6      | Reached skill level 5 in Fighting
  7069 | D:6      | Noticed Edmund
  7078 | D:6      | Killed Edmund
  7079 | D:6      | Reached skill level 6 in Transmutations
  7208 | D:6      | Reached XP level 9. HP: 54/61 MP: 10/12
  8206 | D:6      | Found a sacrificial altar of Ru.
  8457 | D:7      | Noticed Harold
  8961 | D:7      | Reached skill level 5 in Dodging
  9322 | D:7      | Noticed Maggie
  9337 | D:7      | Killed Maggie
  9338 | D:7      | Reached skill level 7 in Transmutations
  9474 | D:7      | Reached XP level 10. HP: 68/68 MP: 12/14
  9545 | D:7      | Killed from afar by an acid dragon

Illustrated notes

Levels and vault maps discovered:
D:1:      amcnicky_arrival_single_pillar, layout_loops_ring, lemuel_old_faithful
D:2:      minmay_chambers_of_ones, layout_loops_cross,
          shapermc_ecumenical_altar_totnotflames, uniq_crazy_yiuf_cottage
D:3:      layout_rooms, worldfamousw_hep_ancestral_shrine, lemuel_tele_altar,
          kiku_gazebo_garden_becter, mainiacjoe_overflow_six_doors_small,
          serial_rivers, chequers_serial_rivers_micro_b,
          chequers_serial_rivers_micro_c, chequers_serial_rivers_room_a,
          chequers_serial_rivers_micro_a, chequers_serial_rivers_room_a,
          gup_sewer_entry_pipe
D:4:      kennysheep_spiral_hall, layout_rooms, marbit_many_paths
D:5:      layout_basic, nicolae_overflow_hidden_temple,
          nemelex_xobeh_ov_fountains_minmay, xom_confusion_cloud,
          grunt_qazlal_clouds, pdpol_wu_jian_five_deadly_venoms,
          minmay_temple_entry_tees, hangedman_abyss_or_decor_passed
D:6:      layout_basic, mainiacjoe_overflow_concentric_impassable,
          mainiacjoe_overflow_tiny_flanked, uniq_edmund
D:7:      minmay_bubble_buster, layout_loops_ring, uniq_harold, uniq_maggie,
          uniq_menkaure
Temple:   dpeg_three_leaves_temple

Skill      XL: |  1  2  3  4  5  6  7  8  9 |
---------------+----------------------------+-----
Fighting       | 2 3 4 5 6 |  6.0
Poison Magic   | 2 |  2.0
Shields        | 1 3 4 |  4.0
Unarmed Combat | 4 5 6 |  6.6
Transmutations | 4 6 7 |  7.0
Ice Magic      | 4 |  4.0
Stealth        | 2 3 |  3.0
Dodging        | 3 5 |  5.0
Spellcasting   | 3 |  3.0

Action                   |  1- 3 |  4- 6 |  7- 9 | 10-12 || total
-------------------------+-------+-------+-------+-------++-------
Melee: Unarmed           |    35 |    26 |   243 |       ||   304
       Constrict         |    21 |    37 |    10 |     1 ||    69
       Kick              |    18 |    42 |     6 |       ||    66
       Tentacles         |    11 |    27 |     2 |     2 ||    42
       Short sword       |     2 |       |       |       ||     2
       Dagger            |    22 |   155 |    13 |       ||   190
       Punch             |     1 |     2 |     2 |     1 ||     6
       Hand axe          |       |       |     2 |       ||     2
       Long sword        |       |       |     2 |     7 ||     9
 Cast: Beastly Appendage |    21 |    38 |     9 |     1 ||    69
       Spider Form       |       |     8 |    41 |       ||    49
       Ice Form          |       |       |     1 |       ||     1
       Passwall          |       |       |       |     1 ||     1
Invok: Potion Petition   |       |       |     1 |       ||     1
  Use: Scroll            |       |     7 |     5 |       ||    12
       Potion            |       |       |     6 |       ||     6
 Stab: Sleeping          |     7 |    15 |    10 |     1 ||    33
Armor: Skin              |     2 |     4 |    19 |     3 ||    28
Dodge: Dodged            |    27 |    58 |   183 |     8 ||   276
Block: Buckler           |       |    18 |     5 |     3 ||    26

Table legend: (Time is in decaauts)
 A = Elapsed time spent in this place.
 B = Non-inter-level travel time spent in this place.
 C = Inter-level travel time spent in this place.
 D = Time resting spent in this place.
 E = Time spent auto-exploring this place.
 F = Levels seen in this place.
 G = Mean time per level.
                   A        B        C        D        E       F      G
               +--------+--------+--------+--------+--------+-----+--------+
         Total |   9443 |   8812 |    631 |   3155 |   2893 |   9 | 1049.2 |
       Dungeon |   8827 |   8196 |    631 |   2939 |   2835 |   7 | 1261.0 |
        Temple |    105 |    105 |      0 |      0 |     58 |   1 |  105.0 |
         Sewer |    509 |    509 |      0 |    216 |      0 |   1 |  509.0 |
               +--------+--------+--------+--------+--------+-----+--------+

Top non-repeatable levels by time:
     D:6: 1626 daAuts
     D:5: 1547 daAuts
     D:2: 1474 daAuts
     D:1: 1399 daAuts
     D:3: 1100 daAuts
     D:4: 1074 daAuts
     D:7: 604 daAuts
   Sewer: 509 daAuts
  Temple: 105 daAuts
